Map: Lerilak Crest

Players

ShoWTimE - Winner!

  • Race: Protoss Protoss

AcerBly (Bly)

  • Race: Zerg Zerg

Event: DreamHack ROCCAT LotV Championship

VOD

Have the link to the VOD?

Description

Time

  • Played on: Nov. 26, 2015, 5:49 a.m.
  • Length: 8:48

All games in this series

Show
View Real Time Build Order
Export as new Build Order

ShoWTimE Protoss - Winner!

Build Orders: 1 Gate Expand 

Get SALT Encoding   

  12  0:00  Probe (Chrono Boost)  
  13  0:11  Probe (Chrono Boost)  
  14  0:17  Pylon  
  14  0:22  Probe (Chrono Boost)  
  16  0:35  Probe (Chrono Boost)  
  16  0:38  Gateway  
  16  0:46  Probe (Chrono Boost)  
  17  0:51  Assimilator  
  17  0:56  Probe (Chrono Boost)  
  18  1:07  Probe (Chrono Boost)  
  19  1:25  Nexus  
  19  1:36  Cybernetics Core  
  19  1:38  Probe (Chrono Boost)  
  20  1:45  Assimilator  
  20  1:48  Probe (Chrono Boost)  
  21  1:55  Pylon  
  21  1:59  Probe (Chrono Boost)  
  22  2:13  Adept (Chrono Boost)  
  22  2:14  Mothership Core (Chrono Boost)  
  26  2:21  Warp Gate  
  26  2:33  Probe  
  26  2:35  Probe  
  27  2:39  Adept (Chrono Boost)  
  30  2:45  Probe  
  30  2:46  Probe  
  31  2:57  Probe  
  31  2:58  Probe  
  33  3:04  Pylon  
  33  3:07  Probe  
  33  3:09  Adept (Chrono Boost)  
  33  3:10  Probe  
  37  3:18  Probe  
  38  3:22  Probe  
  38  3:24  Pylon  
  39  3:28  Probe  
  39  3:32  Robotics Facility  
  41  3:34  Probe  
  41  3:39  Probe  
  41  3:41  Gateway  
  42  3:46  Probe  
  43  3:49  Probe  
  43  3:50  Pylon  
  42  3:57  Pylon  
  42  3:58  Probe  
  42  4:00  Probe  
  44  4:10  Gateway, Probe x2  
  46  4:21  Probe, Robotics Bay  
  46  4:22  Probe  
  46  4:24  Assimilator  
  48  4:26  Assimilator  
  48  4:31  Probe  
  48  4:34  Probe  
  50  4:42  Warp Prism (Chrono Boost)  
  50  4:44  Probe  
  53  4:46  Probe  
  54  4:56  Probe  
  55  5:08  Gravitic Drive (Chrono Boost)  
  55  5:10  Disruptor (Chrono Boost)  
  57  5:16  Gateway  
  57  5:20  Gateway  
  57  5:21  Gateway  
  57  5:22  Gateway  
  57  5:26  Pylon  
  57  5:28  Sentry, Stalker x2  
  61  5:34  Pylon  
  63  5:39  Disruptor  
  66  5:51  Adept x3  
  66  5:55  Pylon  
  72  6:08  Colossus  
  72  6:11  Stalker  
  72  6:12  Stalker x2  
  84  6:22  Adept x2  
  88  6:36  Pylon  
  88  6:41  Stalker x4  
  88  6:46  Pylon  
  96  6:50  Pylon  
  96  6:51  Probe  
  97  6:54  Pylon  
  97  6:56  Pylon  
  97  7:01  Sentry x3, Observer  
  104  7:08  Stalker  
  104  7:09  Stalker  
  108  7:19  Stalker x2  
  112  7:24  Stalker  
  114  7:37  Observer  
  114  7:38  Stalker  
  114  7:39  Stalker x3  
  117  7:56  Stalker x2  
  117  7:57  Stalker  
  123  8:02  Sentry, Zealot x2  
  127  8:14  Adept  
  129  8:26  Stalker x2  
  131  8:44  Stalker x4  
Show
View Real Time Build Order
Export as new Build Order

AcerBly Zerg 

Build Orders: Hatch First, Lurkers 

Get SALT Encoding   

  12  0:01  Drone  
  13  0:12  Overlord  
  13  0:17  Drone  
  14  0:30  Drone x2  
  16  0:36  Drone  
  17  0:46  Drone  
  18  0:58  Extractor  
  18  0:59  Hatchery  
  18  1:03  Drone  
  17  1:16  Spawning Pool  
  17  1:17  Drone  
  17  1:21  Drone  
  18  1:31  Drone  
  19  1:38  Overlord  
  19  2:04  Queen  
  19  2:05  Zergling x4  
  23  2:09  Metabolic Boost  
  23  2:12  Drone x2, Queen  
  27  2:22  Zergling x2  
  28  2:24  Zergling x2  
  28  2:29  Evolution Chamber  
  28  2:33  Drone x2  
  30  2:51  Zergling x4  
  32  2:55  Overlord  
  31  3:14  Zergling x4  
  31  3:15  Zergling x6  
  35  3:21  Drone x3  
  35  3:23  Hatchery  
  37  3:27  Drone x3  
  40  3:36  Overlord  
  40  3:40  Drone  
  39  3:56  Drone x6  
  39  4:02  Queen  
  44  4:09  Lair  
  46  4:16  Drone x4  
  46  4:17  Drone  
  51  4:27  Overlord, Extractor  
  51  4:31  Overlord  
  50  4:37  Drone x4  
  53  4:45  Drone x2  
  54  4:50  Roach Warren  
  54  4:51  Overlord  
  53  5:06  Drone x2  
  53  5:07  Drone x5  
  58  5:09  Hydralisk Den  
  58  5:12  Drone x2  
  58  5:13  Extractor  
  58  5:14  Extractor  
  57  5:21  Drone x2  
  57  5:22  Drone x3  
  57  5:23  Overlord x2  
  57  5:24  Overlord x2  
  62  5:34  Drone  
  62  5:35  Drone x2  
  64  5:47  Drone x3, Spire  
  66  5:50  Spore Crawler  
  66  5:51  Zergling x8  
  66  5:55  Extractor x2  
  64  6:04  Hatchery  
  65  6:11  Drone x5  
  65  6:12  Drone, Overlord  
  69  6:29  Overseer  
  68  6:38  Drone  
  68  6:39  Lurker Den  
  69  6:41  Zergling x24  
  81  7:00  Hydralisk  
  81  7:01  Hydralisk x5  
  81  7:05  Roach  
  81  7:08  Roach x3  
  99  7:13  Spore Crawler  
  99  7:14  Spine Crawler x2  
  96  7:19  Roach x4  
  104  7:31  Ravager x3  
  104  7:33  Ravager, Roach  
  104  7:34  Roach x5  
  104  7:36  Overlord  
  110  7:46  Hydralisk  
  110  7:47  Hydralisk x2  
  110  7:48  Overlord  
  110  7:50  Zergling x8  
  97  8:05  Lurker  
  97  8:06  Lurker x3, Hydralisk  
  97  8:07  Hydralisk x4  
  105  8:16  Overlord  

Tags
 
Add a new tag
Caveats
  • Supply blocks, unpowered buildings, or Contaminate may cause inaccurate times.
  • Supply counts are checked every 10 seconds.